AoeStats
← Tommy Gun

Arabia

510151615Analyzed
3v3 RM · 4d ago on Sep 29, 2026· 78m 53s· 6 players
Game mode
Random Map
Map size
Normal (6 player)
Population
200
Speed
Normal
Resources
Standard
Victory
Conquest
Starting age
Dark Age
Ending age
Imperial Age
RankedLock teamsTeams togetherTeam positionsShared explorationLock speedFull tech treeHidden civsTurbo modeCheats
Victory
Defeat
🇦🇷 Turks · Argentina
943
+12
🇦🇷 Magyars · Argentina
927
+13
🇦🇷 Slavs · Argentina
891
+14
🇨🇳 Magyars · China
889
-14
🇺🇸 Ethiopians · United States
855
-13
🇧🇴 Franks · Bolivia
823
-12
DopeyCrown67
11:41 Feudal Age
11:39 Loom
13:06 Double-Bit Axe
14:36 Wheelbarrow
13:58 Gold Mining
15:18 Town Watch
19:25 Fletching
23:22 Horse Collar
23:28 Fishing Lines
28:28 Castle Age
27:14 Stone Mining
27:32 Padded Archer Armor
27:44 Forging
29:31 Hand Cart
29:57 Stone Shaft Mining
29:20 Bodkin Arrow
29:53 Bow Saw
32:00 Guard Tower
33:28 Elite Skirmisher
33:30 Crossbowman
34:35 Masonry
34:28 Murder Holes
34:53 Leather Archer Armor
34:39 Scale Mail Armor
35:15 Iron Casting
38:23 Squires
38:41 Chain Mail Armor
40:19 Heavy Plow
40:37 Town Patrol
40:58 Husbandry
44:30 Imperial Age
44:03 Scale Barding Armor
43:46 Arson
44:47 Thumb Ring
44:35 Arbalester
45:15 Cavalier
47:42 Chemistry
47:06 Chain Barding Armor
48:18 Two-Man Saw
47:52 Ring Archer Armor
50:24 Blast Furnace
49:55 Plate Mail Armor
49:26 Bracer
51:07 Halberdier
57:53 Keep
57:49 Architecture
64:14 Heavy Scorpion
DeMoTiX
10:25 Feudal Age
11:59 Wheelbarrow
11:10 Loom
14:46 Loom
24:39 Castle Age
26:57 Pikeman
32:34 Hand Cart
32:34 Fletching
34:03 Bodkin Arrow
34:10 Padded Archer Armor
36:29 Stone Mining
39:47 Double-Bit Axe
40:41 Scale Barding Armor
40:51 Leather Archer Armor
43:33 Bow Saw
44:48 Husbandry
50:21 Gold Mining
50:31 Gambesons
60:15 Imperial Age
58:56 Gold Shaft Mining
60:22 Elite Throwing Axeman
63:42 Halberdier
77:50 Cavalier
know uncle
9:21 Loom
11:26 Feudal Age
13:55 Double-Bit Axe
16:20 Scale Barding Armor
22:19 Castle Age
23:58 Bow Saw
24:59 Bloodlines
24:50 Husbandry
26:37 Wheelbarrow
25:54 Horse Collar
29:39 Chain Barding Armor
30:12 Hand Cart
35:46 Gold Mining
39:20 Imperial Age
38:28 Devotion
38:44 Heavy Plow
41:04 Plate Barding Armor
40:04 Cavalier
43:08 Crop Rotation
42:22 Light Cavalry
44:01 Paladin
44:46 Town Watch
47:26 Chemistry
46:49 Ballistics
47:03 Fletching
47:13 Padded Archer Armor
48:07 Parthian Tactics
48:21 Heavy Cavalry Archer
48:58 Bodkin Arrow
49:18 Leather Archer Armor
49:13 Thumb Ring
50:26 Two-Man Saw
49:51 Siege Engineers
55:39 Bracer
56:10 Ring Archer Armor
57:53 Recurve Bow
58:28 Ring Archer Armor
76:33 Hussar
Tommy Gun
25:21 Loom
29:21 Feudal Age
30:25 Double-Bit Axe
30:25 Horse Collar
34:46 Town Watch
38:51 Castle Age
36:50 Fletching
39:19 Elite Skirmisher
40:11 Padded Archer Armor
40:07 Bodkin Arrow
43:37 Gold Mining
44:33 Leather Archer Armor
44:45 Bow Saw
46:08 Thumb Ring
47:29 Ballistics
56:32 Imperial Age
56:35 Bloodlines
56:26 Husbandry
56:27 Crossbowman
57:17 Bracer
58:29 Chemistry
60:43 Parthian Tactics
61:00 Heavy Cavalry Archer
62:12 Ring Archer Armor
68:25 Scale Barding Armor
67:43 Light Cavalry
68:33 Hussar
71:45 Chain Barding Armor
73:22 Plate Barding Armor
CaroDaddy
3:34 Loom
9:32 Feudal Age
10:18 Double-Bit Axe
14:11 Horse Collar
15:13 Gold Mining
19:02 Castle Age
18:11 Stone Mining
20:03 Bow Saw
19:57 Scale Mail Armor
20:04 Town Watch
20:54 Wheelbarrow
20:14 Pikeman
26:55 Heavy Plow
28:33 Town Patrol
29:10 Wheelbarrow
29:48 Forging
30:27 Fletching
31:04 Squires
31:34 Hand Cart
34:39 Iron Casting
37:29 Imperial Age
35:18 Husbandry
36:42 Gold Shaft Mining
38:18 Druzhina
38:59 Crop Rotation
39:31 Two-Man Saw
38:15 Cavalier
39:06 Bloodlines
38:37 Elite Skirmisher
41:21 Padded Archer Armor
41:17 Bodkin Arrow
41:29 Scale Barding Armor
43:13 Bloodlines
43:37 Chain Mail Armor
43:32 Town Patrol
43:40 Halberdier
49:31 Chain Barding Armor
49:28 Leather Archer Armor
49:43 Plate Mail Armor
50:14 Blast Furnace
52:32 Plate Barding Armor
52:28 Ring Archer Armor
54:00 Conscription
55:19 Chemistry
54:15 Murder Holes
54:41 Ballistics
71:15 Caravan
71:46 Coinage
77:48 Banking
fbouser
3:22 Loom
9:45 Feudal Age
10:54 Double-Bit Axe
18:30 Horse Collar
19:01 Scale Barding Armor
22:36 Castle Age
22:05 Bloodlines
22:21 Town Watch
23:38 Forging
23:38 Husbandry
24:51 Chain Barding Armor
27:34 Wheelbarrow
27:08 Gold Mining
27:13 Stone Mining
28:13 Fletching
31:12 Iron Casting
36:02 Imperial Age
38:13 Cavalier
43:43 Plate Barding Armor
44:09 Blast Furnace
50:15 Bodkin Arrow
50:45 Ballistics
50:23 Murder Holes
55:13 Conscription
58:46 Bracer
58:46 Padded Archer Armor
69:47 Guilds
70:43 Caravan
77:28 Hand Cart
77:16 Town Patrol
Connection lost

Rejoining the realm…

Still unreachable

The connection could not be restored.

Session expired

The server has moved on; the page needs a fresh start.